 Dungeon Crawl Stone Soup version 0.16.2-12-gd0ad4c3 (webtiles) character file.

1015 SlimeFever the Covered (level 8, -7/66 HPs)
             Began as a Hill Orc Fighter on Oct 2, 2015.
             Was a Follower of Beogh.
             Mangled by an ogre
             ... wielding a +0 giant club
              (9 damage)
             ... on level 6 of the Dungeon.
             The game lasted 00:40:51 (4374 turns).

SlimeFever the Covered (Hill Orc Fighter)           Turns: 4374, Time: 00:40:51

Health: -7/66      AC: 13    Str: 21    XL:     8   Next: 21%
Magic:  10/10      EV:  6    Int:  8    God:    Beogh [*.....]
Gold:   178        SH: 10    Dex: 10    Spells: 0 memorised, 7 levels left

rFire  + . .     SeeInvis .     a - +0 trident
rCold  x . .     Clarity  .     B - +0 chain mail
rNeg   + . .     SustAb   .     c - +0 shield
rPois  .         Gourm    .     j - +0 helmet (curse)
rElec  .         Spirit   .     (no cloak)
rCorr  .         Warding  .     (no gloves)
rMut   .         Stasis   .     u - +0 pair of boots
MR     .....                    (no amulet)
Stlth  ..........               o - ring of positive energy
                                y - ring of fire

@: not resistant to hostile enchantments, extremely unstealthy
A: no striking features
a: Renounce Religion


You were on level 6 of the Dungeon.
You worshipped Beogh.
Beogh was aware of your devotion.
You were very hungry.

You visited 1 branch of the dungeon, and saw 6 of its levels.

You collected 178 gold pieces.

Inventory:

Hand weapons
 a - a +0 trident (weapon)
 l - a +0 spear
 r - a +0 halberd
 L - a +0 greatsling
Missiles
 h - 92 stones
 q - 6 curare-tipped needles
 H - 4 javelins (quivered)
 I - 16 poisoned needles
Armour
 c - a +0 shield (worn)
 j - a cursed +0 helmet (worn)
 p - the +0 leather armour of the Lotus Blossom {rElec MP+9}
   (You found it on level 4 of the Dungeon)

   It insulates you from electricity.
   It affects your magic capacity (+9).
 u - a +0 pair of boots (worn)
 B - a +0 chain mail (worn)
Jewellery
 n - an uncursed ring of stealth
 o - a ring of positive energy (right hand)
 y - a ring of fire (left hand)
Magical devices
 f - a wand of flame (20)
 s - a wand of slowing (12)
 z - a wand of teleportation (6)
Scrolls
 b - a scroll of identify
 m - 2 scrolls of recharging
 v - a scroll of remove curse
 D - a scroll of teleportation
Potions
 e - 2 potions of might
 g - 2 potions of brilliance {unknown}
 i - a potion of heal wounds
 k - a potion of flight {unknown}
 w - 3 potions of curing
 x - a potion of poison {unknown}
 A - a potion of agility
 C - a potion of restore abilities
 E - a potion of lignification {unknown}
 G - a potion of invisibility {unknown}
Comestibles
 d - 3 meat rations
 t - 5 bread rations


   Skills:
 + Level 4.2 Fighting
 * Level 5.9 Polearms
 + Level 2.3 Throwing
 * Level 5.9 Armour
 + Level 1.7 Dodging
 + Level 0.1 Stealth
 + Level 5.7 Shields
 * Level 2.1 Invocations


You had 7 spell levels left.
You didn't know any spells.

Dungeon Overview and Level Annotations

Branches:
Dungeon (6/15)
 Temple: D:4-7

Altars:
Cheibriados
Elyvilon
Fedhas
Nemelex Xobeh
Okawaru
Vehumet
Zin


Message History

Aim: an ogre, wielding a giant club (lightly wounded)
You throw a javelin. The javelin barely misses the ogre.
You hit the ogre but do no damage. The ogre hits you with a giant club!
You closely miss the ogre. The ogre hits you with a giant club!
You closely miss the ogre. The ogre hits you but does no damage.
You hit the ogre.
The ogre is lightly wounded.
You hit the ogre.
The ogre is moderately wounded.
The ogre hits you with a giant club!
You hit the ogre.
The ogre is moderately wounded.
The ogre hits you with a giant club!
* * * LOW HITPOINT WARNING * * *
You puncture the ogre!
The ogre is severely wounded.
The ogre hits you with a giant club!
* * * LOW HITPOINT WARNING * * *
The ogre hits you with a giant club!
You die...

.###########
.........@.#
######..O#.#
..( #...#.#
...# #..(#.#
...# #...#.#
...# #...#.#
#..# #...#.#
#..##
#...#.#
#...# .(#.#
#.#.#


You could see an ogre.

Vanquished Creatures
  2 ice beasts
  2 ogres (D:4)
  A centaur (D:5)
  The ghost of Charly the Chopper, an average VSBe of Trog (D:4)
  A scorpion (D:4)
  2 giant frog zombies (D:5)
  A centaur skeleton (D:5)
  A giant frog skeleton (D:3)
  6 worker ants
  2 orcs (D:4)
  8 gnolls
  8 adders
  3 worms
  A giant mite (D:4)
  4 giant geckos
  3 oozes
  9 bats
  2 giant cockroaches
  11 goblins
  9 hobgoblins
  4 kobolds
  2 quokkas (D:3)
  A ball python (D:2)
  A giant gecko zombie (D:5)
  8 giant newts
  A quokka zombie (D:6)
  6 rats
100 creatures vanquished.

Vanquished Creatures (others)
  A crimson imp (D:4)
  2 orc priests (D:4)
  A hound skeleton (D:4)
  2 orcs (D:4)
  A ball python (D:4)
  A goblin (D:4)
8 creatures vanquished.

Grand Total: 108 creatures vanquished

Notes
Turn   | Place    | Note
--------------------------------------------------------------
     0 | D:1      | SlimeFever, the Hill Orc Fighter, began the quest for the Orb.
     0 | D:1      | Reached XP level 1. HP: 19/19 MP: 1/1
   143 | D:1      | Reached XP level 2. HP: 27/27 MP: 2/2
   611 | D:2      | Reached XP level 3. HP: 28/33 MP: 3/3
   617 | D:2      | Reached skill level 4 in Shields
   620 | D:2      | Reached XP level 4. HP: 12/40 MP: 4/4
  1395 | D:2      | Reached skill level 1 in Dodging
  1489 | D:3      | Reached skill level 1 in Throwing
  1489 | D:3      | Reached XP level 5. HP: 40/46 MP: 5/5
  1764 | D:3      | Found a glowing silver altar of Zin.
  2108 | D:3      | Reached XP level 6. HP: 42/52 MP: 6/6
  2283 | D:4      | Noticed Charly's ghost (average VSBe)
  2284 | D:4      | Became a worshipper of Beogh the Brigand
  2291 | D:4      | Killed Charly's ghost
  2419 | D:4      | Reached skill level 5 in Shields
  2472 | D:4      | Found a white marble altar of Elyvilon.
  2658 | D:4      | Reached XP level 7. HP: 32/58 MP: 7/7
  2691 | D:4      | Reached skill level 5 in Polearms
  2691 | D:4      | Reached skill level 5 in Armour
  2777 | D:4      | Found a radiant altar of Vehumet.
  2838 | D:4      | Found a snail-covered altar of Cheibriados.
  2913 | D:4      | Got a steaming leather armour
  3043 | D:4      | Found an iron altar of Okawaru.
  3072 | D:4      | Acquired Beogh's first power
  3102 | D:4      | Reached skill level 1 in Invocations
  3153 | D:5      | Entered Level 5 of the Dungeon
  3545 | D:5      | Identified the +0 leather armour of the Lotus Blossom {rElec MP+9} (You found it on level 4 of the Dungeon)
  3701 | D:5      | Reached XP level 8. HP: 53/66 MP: 9/9
  3991 | D:5      | Found a blossoming altar of Fedhas.
  4140 | D:5      | Found a sparkling altar of Nemelex Xobeh.
  4373 | D:6      | HP: 2/66 [ogre/giant club (14)]
  4374 | D:6      | Mangled by an ogre

Action                   |  1- 3 |  4- 6 |  7- 9 || total
-------------------------+-------+-------+-------++-------
Melee: Trident           |   100 |   242 |   185 ||   527
Throw: Stone             |    42 |    84 |    19 ||   145
       Javelin           |       |       |    13 ||    13
Invok: Convert to Beogh  |       |     1 |       ||     1
Evoke: Wand              |       |     1 |     1 ||     2
  Use: Scroll            |     2 |     5 |     2 ||     9
       Potion            |     2 |       |     1 ||     3
  Eat: Fruit             |       |     6 |       ||     6
       Royal jelly       |       |     1 |     1 ||     2
       Beef jerky        |       |     1 |       ||     1
